AoeStats
← Achilles

MegaRandom

509938854Analyzed
4v4 RM · 3d ago on Sep 28, 2026· 48m 43s· 8 players
Game mode
Random Map
Map size
Large (8 player)
Population
200
Speed
Normal
Resources
Standard
Victory
Conquest
Starting age
Dark Age
Ending age
Imperial Age
RankedLock teamsTeams togetherTeam positionsShared explorationLock speedFull tech treeHidden civsTurbo modeCheats
Victory
Defeat
🇭🇰 Khmer · Hong Kong SAR China
1021
+13
🇮🇳 Lithuanians · India
1015
+13
🇪🇸 Cumans · Spain
1008
+13
🇨🇳 Malay · China
991
+14
🇩🇪 Hindustanis · Germany
996
-14
🇩🇪 Bulgarians · Germany
979
-15
🇩🇪 Poles · Germany
927
-12
🇩🇪 Georgians · Germany
910
-12
un908561
8:42 Loom
12:15 Feudal Age
15:48 Castle Age
21:25 Horse Collar
23:15 Double-Bit Axe
27:38 Wheelbarrow
26:53 Town Watch
28:17 Stone Mining
35:46 Imperial Age
33:52 Gold Mining
36:43 Chemistry
36:34 Fletching
36:55 Forging
38:48 Bow Saw
39:28 Conscription
39:15 Scale Barding Armor
40:18 Husbandry
41:38 Iron Casting
43:39 Blast Furnace
43:06 Heavy Plow
43:30 Elite Battle Elephant
46:31 Crop Rotation
49:03 Hand Cart
48:51 Padded Archer Armor
48:47 Bodkin Arrow
49:14 Ballistics
49:06 Masonry
48:36 Treadmill Crane
49:02 Siege Engineers
El Jonan de Baraka
7:42 Loom
11:46 Feudal Age
14:31 Double-Bit Axe
16:28 Fishing Lines
19:04 Gold Mining
22:14 Castle Age
21:44 Town Watch
28:48 Gillnets
29:31 Fervor
29:42 Sanctity
30:04 Horse Collar
30:39 Bow Saw
30:48 Heavy Plow
33:20 Wheelbarrow
35:32 Imperial Age
33:10 Steppe Husbandry
33:26 Bloodlines
33:50 Light Cavalry
35:34 Forging
35:30 Scale Barding Armor
35:16 Fletching
35:27 Padded Archer Armor
35:42 Cavalier
36:44 Hussar
38:03 Iron Casting
37:49 Chain Barding Armor
37:30 Bodkin Arrow
38:00 Hand Cart
38:33 Conscription
37:38 Paladin
40:12 Gold Shaft Mining
39:27 Stone Mining
41:02 Hoardings
42:19 Blast Furnace
43:27 Murder Holes
43:53 Ballistics
44:33 Chemistry
44:23 Masonry
44:25 Careening
44:25 Clinker Construction
46:06 Cuman Mercenaries
45:27 Elite Kipchak
49:14 Plate Barding Armor
48:39 Padded Archer Armor
48:40 Scale Mail Armor
diepat
8:30 Loom
14:32 Feudal Age
16:23 Double-Bit Axe
17:04 Stone Mining
17:25 Fletching
20:21 Gold Mining
21:02 Horse Collar
22:19 Town Watch
23:38 Fishing Lines
26:02 Castle Age
25:33 Padded Archer Armor
25:44 Forging
27:25 Bow Saw
28:50 Gold Shaft Mining
29:01 Wheelbarrow
33:58 Imperial Age
32:42 Stone Shaft Mining
33:57 Heavy Plow
34:41 Ballistics
35:22 Bodkin Arrow
37:43 Chemistry
36:49 Bracer
38:54 Double Crossbow
39:19 Conscription
39:37 Elite Ballista Elephant
41:37 Illumination
41:35 Sanctity
41:31 Fervor
45:00 Hand Cart
46:34 Crop Rotation
46:02 Elite Battle Elephant
46:53 Bloodlines
46:44 Husbandry
46:42 Light Cavalry
dushyanthkuthati
0:42 Loom
15:36 Feudal Age
18:12 Wheelbarrow
20:07 Castle Age
18:05 Double-Bit Axe
20:15 Horse Collar
21:25 Scale Barding Armor
21:30 Forging
21:26 Scale Barding Armor
21:31 Forging
21:26 Scale Barding Armor
21:31 Forging
21:26 Scale Barding Armor
25:12 Bow Saw
25:03 Heavy Plow
28:28 Bloodlines
29:22 Chain Barding Armor
29:38 Iron Casting
31:05 Hand Cart
30:52 Heavy Plow
35:08 Iron Casting
38:40 Imperial Age
36:13 Town Watch
38:42 Husbandry
39:30 Elite Leitis
40:48 Plate Barding Armor
43:08 Crop Rotation
biernot
5:21 Loom
11:41 Feudal Age
12:48 Double-Bit Axe
14:51 Forging
15:12 Horse Collar
17:49 Arson
23:20 Castle Age
21:57 Wheelbarrow
22:24 Bloodlines
22:21 Stone Mining
22:22 Gold Mining
24:43 Husbandry
24:04 Light Cavalry
24:59 Heavy Plow
25:11 Bow Saw
30:51 Hand Cart
32:24 Scale Barding Armor
33:20 Fervor
36:50 Chain Barding Armor
37:05 Iron Casting
37:37 Stirrups
40:51 Imperial Age
39:05 Scale Mail Armor
41:52 Chain Mail Armor
43:08 Plate Barding Armor
43:34 Blast Furnace
43:01 Pikeman
43:42 Squires
46:44 Halberdier
Schnicker11
10:02 Loom
11:50 Feudal Age
13:55 Double-Bit Axe
15:02 Horse Collar
16:48 Gold Mining
21:18 Castle Age
19:27 Scale Barding Armor
20:33 Bloodlines
23:06 Heavy Plow
23:28 Bow Saw
25:30 Husbandry
26:10 Stone Mining
29:43 Fervor
30:17 Wheelbarrow
30:10 Chain Barding Armor
30:01 Forging
31:48 Hand Cart
32:26 Devotion
32:34 Fishing Lines
36:32 Imperial Age
35:15 Gillnets
35:51 Svan Towers
37:42 Conscription
37:31 Town Watch
38:19 Crop Rotation
38:28 Plate Barding Armor
38:28 Iron Casting
37:18 Cavalier
46:20 Elite Monaspa
Gentleman No. 7
9:18 Loom
12:05 Feudal Age
18:41 Castle Age
17:38 Double-Bit Axe
22:15 Bow Saw
31:25 Bloodlines
31:15 Husbandry
31:27 Horse Collar
33:22 Szlachta Privileges
33:15 Light Cavalry
36:08 Wheelbarrow
38:36 Imperial Age
36:27 Heavy Plow
37:36 Scale Barding Armor
37:41 Forging
37:37 Scale Mail Armor
38:43 Squires
39:20 Iron Casting
39:01 Chain Mail Armor
40:13 Winged Hussar
41:18 Conscription
41:19 Lechitic Legacy
41:26 Lechitic Legacy
40:31 Elite Obuch
42:31 Plate Mail Armor
43:02 Blast Furnace
41:35 Cavalier
42:53 Ballistics
43:05 Treadmill Crane
43:53 Gold Mining
44:35 Crop Rotation
44:33 Pikeman
45:46 Scale Barding Armor
Achilles
8:09 Loom
10:37 Feudal Age
16:45 Castle Age
16:03 Double-Bit Axe
22:03 Bloodlines
21:53 Husbandry
24:24 Town Watch
25:41 Fletching
29:14 Fishing Lines
34:10 Wheelbarrow
34:38 Gillnets
37:45 Imperial Age
36:48 Scale Barding Armor
36:54 Forging
37:06 Grand Trunk Road
38:46 Chain Barding Armor
39:02 Iron Casting
38:30 Husbandry
39:22 Elite Skirmisher
41:22 Thumb Ring
42:23 Heavy Camel Rider
Connection lost

Rejoining the realm…

Still unreachable

The connection could not be restored.

Session expired

The server has moved on; the page needs a fresh start.